AoeStats
← schmeno

Black Forest

513322892Analyzed
3v3 RM · 2d ago on Oct 13, 2026· 48m 36s· 6 players
Game mode
Random Map
Map size
Normal (6 player)
Population
200
Speed
Normal
Resources
Standard
Victory
Conquest
Starting age
Dark Age
Ending age
Imperial Age
RankedLock teamsTeams togetherTeam positionsShared explorationLock speedFull tech treeHidden civsTurbo modeCheats
Victory
Defeat
🇺🇸 Saracens · United States
1143
+14
🇺🇸 Malay · United States
1140
+14
🇺🇸 Teutons · United States
1038
+18
vs
🇧🇷 Varangians · Brazil
1136
-17
🇺🇸 Koreans · United States
1085
-15
🇻🇳 Celts · Vietnam
1067
-14
Tired Cock
4:35 Loom
10:47 Loom
12:59 Feudal Age
13:54 Wheelbarrow
18:10 Castle Age
17:11 Double-Bit Axe
17:10 Horse Collar
25:56 Bow Saw
31:21 Imperial Age
30:26 Wheelbarrow
30:08 Husbandry
30:16 Scale Barding Armor
31:33 Fletching
31:41 Murder Holes
33:05 Hand Cart
33:51 Elite Battle Elephant
34:40 Man-at-Arms
35:24 Squires
35:09 Arson
36:41 Forging
36:28 Bodkin Arrow
37:03 Conscription
38:18 Forced Levy
37:43 Long Swordsman
38:51 Two-Handed Swordsman
42:40 Iron Casting
44:44 Blast Furnace
Simon Nelson Cook
0:37 Loom
12:52 Feudal Age
14:00 Double-Bit Axe
18:51 Castle Age
17:16 Fletching
17:39 Horse Collar
18:59 Gold Mining
33:03 Imperial Age
30:42 Scale Mail Armor
32:55 Wheelbarrow
32:52 Bloodlines
37:53 Bodkin Arrow
38:56 Crenellations
38:00 Cavalier
40:30 Scale Barding Armor
40:37 Paladin
48:06 Elite Teutonic Knight
schmeno
11:14 Feudal Age
12:38 Double-Bit Axe
15:09 Castle Age
15:06 Horse Collar
18:44 Bow Saw
19:01 Loom
21:38 Wheelbarrow
20:52 Town Watch
21:10 Stone Mining
24:33 Redemption
26:55 Heavy Plow
32:38 Imperial Age
30:25 Hand Cart
30:22 Forging
30:17 Scale Barding Armor
32:39 Iron Casting
32:13 Gold Mining
32:53 Chain Barding Armor
33:46 Bloodlines
33:37 Husbandry
33:04 Elite Mameluke
34:52 Blast Furnace
35:09 Chemistry
37:55 Block Printing
37:51 Fervor
38:07 Illumination
38:02 Siege Engineers
39:15 Plate Barding Armor
39:12 Sanctity
46:28 Atonement
MrDuffyMcDuff
0:27 Loom
12:37 Feudal Age
18:24 Castle Age
16:22 Double-Bit Axe
16:54 Stone Mining
19:51 Bow Saw
20:19 Stone Shaft Mining
22:45 Wheelbarrow
21:54 Horse Collar
24:58 Hand Cart
30:48 Imperial Age
29:18 Heavy Plow
29:36 Squires
30:28 Ballistics
32:44 Chemistry
32:51 Scale Mail Armor
33:02 Forging
32:57 Treadmill Crane
33:28 Masonry
35:17 Chain Mail Armor
37:17 Fletching
38:09 Ballistics
39:05 Two-Man Saw
37:38 Elite Skirmisher
39:09 Caravan
39:06 Bodkin Arrow
41:07 Bracer
42:31 Architecture
Tebano
0:32 Loom
12:14 Feudal Age
17:49 Castle Age
15:46 Horse Collar
15:53 Double-Bit Axe
21:06 Bow Saw
21:13 Heavy Plow
29:05 Imperial Age
30:12 Wheelbarrow
29:58 Cavalier
32:00 Hand Cart
33:42 Conscription
34:04 Bloodlines
34:20 Forging
34:35 Vendel Legacy
37:51 Husbandry
38:30 Iron Casting
38:01 Scale Barding Armor
42:27 Chain Barding Armor
47:03 Light Cavalry
48:04 Pikeman
48:45 Squires
48:30 Gambesons
quocdaicd15s1
5:35 Loom
10:38 Feudal Age
16:04 Castle Age
20:33 Double-Bit Axe
22:34 Horse Collar
23:19 Bow Saw
24:48 Forging
24:44 Scale Barding Armor
25:23 Heavy Plow
27:02 Iron Casting
26:32 Scale Barding Armor
27:10 Stone Mining
27:10 Gold Mining
28:58 Chain Barding Armor
28:54 Scale Mail Armor
29:24 Ballistics
29:45 Stone Shaft Mining
29:45 Gold Shaft Mining
29:19 Husbandry
33:25 Imperial Age
31:30 Wheelbarrow
33:19 Wheelbarrow
33:56 Cavalier
34:53 Chain Mail Armor
34:22 Pikeman
34:47 Gambesons
34:47 Arson
36:27 Blast Furnace
35:58 Paladin
37:24 Conscription
37:59 Plate Mail Armor
37:42 Arson
39:03 Halberdier
41:00 Coinage
40:41 Guilds
40:32 Caravan
41:07 Padded Archer Armor
41:18 Fletching
42:27 Gold Shaft Mining
41:38 Man-at-Arms
42:20 Bodkin Arrow
42:40 Leather Archer Armor
42:30 Long Swordsman
43:22 Two-Handed Swordsman
46:03 Ring Archer Armor
47:01 Chemistry
Connection lost

Rejoining the realm…

Still unreachable

The connection could not be restored.

Session expired

The server has moved on; the page needs a fresh start.